EL
COLORADO (EL) ROCKIES @ SPRINGFIELD CARDINALS
08/20/2049
 
TOP OF THE 1ST
Colorado (EL) Rockies batting - Pitching for Springfield Cardinals : LHP Kazuo Nishihara
Pitching: LHP Kazuo Nishihara
Batting: SHB Jamie Mims 0-0: Ball
1-0: Fly out, F8 (Flyball, 89S, EV 85.0 MPH)
Batting: SHB Bobby Santor 0-0: Swinging Strike
0-1: Foul Ball, location: 2F
0-2: Ball
1-2: Foul Ball, location: 2F
1-2: Foul Ball, location: 2F
1-2: Strikes out swinging wild pitch, reaches first!
Batting: RHB Ryan Rinaldi 0-0: Ball
1-0: Foul Ball, location: 2F
1-1: Called Strike
1-2: Ball
2-2: Ball
3-2: Ground out 4-3 (Groundball, 4, EV 90.0 MPH)
Bobby Santor to second
Batting: RHB Maurice Moore 0-0: Foul Ball, location: 2F
0-1: Foul Ball, location: 2F
0-2: Foul Ball, location: 2F
0-2: Foul Ball, location: 2F
0-2: Strikes out looking
Top of the 1st over - 0 runs, 0 hits, 0 errors, 1 left on base; Colorado (EL) 0 - Springfield 0
BOTTOM OF THE 1ST
Springfield Cardinals batting - Pitching for Colorado (EL) Rockies : RHP Dave Shanks
Pitching: RHP Dave Shanks
Batting: RHB Jeff Long 0-0: Ball
1-0: Swinging Strike
1-1: Ball
2-1: Called Strike
2-2: SINGLE (Groundball, 34D, EV 97.5 MPH)
Batting: RHB Dan Boykins 0-0: Called Strike
Jeff Long steals 2nd base
0-1: Foul Ball, location: 2F
0-2: Strikes out looking
Batting: LHB Angelo Vasquez 0-0: Called Strike
0-1: Foul Ball, location: 2F
0-2: Ball
1-2: Foul Ball, location: 2F
1-2: DOUBLE (Line Drive, 8LXD, EV 106.2 MPH)
Jeff Long scores
Batting: RHB Tommy Boudreaux 0-0: Fly out, F9 (Line Drive, 9D, EV 94.4 MPH)
Batting: RHB Sam Sours 0-0: Ball
1-0: Ball
2-0: Swinging Strike
2-1: Called Strike
2-2: Strikes out swinging
Bottom of the 1st over - 1 run, 2 hits, 0 errors, 1 left on base; Colorado (EL) 0 - Springfield 1
TOP OF THE 2ND
Colorado (EL) Rockies batting - Pitching for Springfield Cardinals : LHP Kazuo Nishihara
Batting: RHB Chris Tatum 0-0: SINGLE (Groundball, 56D, EV 104.4 MPH)
Batting: RHB John Corfield 0-0: Ball
1-0: Foul Ball, location: 2F
1-1: SINGLE (Flyball, 8LS, EV 90.6 MPH)
Chris Tatum to second
Runner from 2nd tries for 3rd, SAFE, throw by CF made to third
Batting: SHB Craig Ruzic 0-0: Grounds into double play, 4-6-3 (Groundball, 4, EV 80.6 MPH)
Chris Tatum scores
Batting: RHB Seisaburo Edagawa 0-0: Ground out U3 (Groundball, 34S, EV 91.9 MPH)
Top of the 2nd over - 1 run, 2 hits, 0 errors, 0 left on base; Colorado (EL) 1 - Springfield 1
BOTTOM OF THE 2ND
Springfield Cardinals batting - Pitching for Colorado (EL) Rockies : RHP Dave Shanks
Batting: RHB Immel Kamuzu 0-0: Fly out, F7 (Flyball, 7LS, EV 90.0 MPH)
Batting: RHB Tommy Tracy 0-0: Ball
1-0: Ball
2-0: Called Strike
2-1: Ball
3-1: Base on Balls
Batting: LHB John Bailey 0-0: Ball
1-0: Ball
Wild Pitch!
Tommy Tracy to second
2-0: Called Strike
2-1: Swinging Strike
2-2: Ball
3-2: Fly out, F7 (Flyball, 78M, EV 75.6 MPH)
Batting: RHB Edgar Landim 0-0: Called Strike
0-1: Ball
1-1: Foul Ball, location: 2F
1-2: Ball
2-2: Fly out, F4 (Line Drive, 4, EV 74.4 MPH)
Bottom of the 2nd over - 0 runs, 0 hits, 0 errors, 1 left on base; Colorado (EL) 1 - Springfield 1
TOP OF THE 3RD
Colorado (EL) Rockies batting - Pitching for Springfield Cardinals : LHP Kazuo Nishihara
Batting: LHB Jerry Santana 0-0: Ball
1-0: Called Strike
1-1: Ball
2-1: Fly out, F9 (Flyball, 9LM, EV 83.1 MPH)
Batting: SHB Jamie Mims 0-0: Called Strike
0-1: Fly out, F8 (Flyball, 8RM, EV 96.9 MPH)
Batting: SHB Bobby Santor 0-0: Called Strike
0-1: Ball
1-1: Ball
2-1: Called Strike
2-2: Strikes out swinging
Top of the 3rd over - 0 runs, 0 hits, 0 errors, 0 left on base; Colorado (EL) 1 - Springfield 1
BOTTOM OF THE 3RD
Springfield Cardinals batting - Pitching for Colorado (EL) Rockies : RHP Dave Shanks
Batting: RHB Jeff Long 0-0: Ball
1-0: Ball
2-0: Called Strike
2-1: Ball
3-1: Called Strike
3-2: Ground out 5-3 (Groundball, 56S, EV 89.4 MPH)
Batting: RHB Dan Boykins 0-0: Ball
1-0: Ball
2-0: Fly out, F9 (Flyball, 9, EV 83.8 MPH)
Batting: LHB Angelo Vasquez 0-0: Ball
1-0: Ball
2-0: Ball
3-0: Called Strike
3-1: Foul Ball, location: 2F
3-2: Strikes out looking
Bottom of the 3rd over - 0 runs, 0 hits, 0 errors, 0 left on base; Colorado (EL) 1 - Springfield 1
TOP OF THE 4TH
Colorado (EL) Rockies batting - Pitching for Springfield Cardinals : LHP Kazuo Nishihara
Batting: RHB Ryan Rinaldi 0-0: Ball
1-0: Fly out, F4 (Popup, 4, EV 55.6 MPH)
Batting: RHB Maurice Moore 0-0: Called Strike
0-1: Ball
1-1: Ball
2-1: SOLO HOME RUN (Flyball, 78XD, EV 100.0 MPH), Distance : 409 ft
Batting: RHB Chris Tatum 0-0: Ball
1-0: Ball
2-0: Called Strike
2-1: Ball
3-1: Ground out 6-3 (Groundball, 6, EV 87.5 MPH)
Batting: RHB John Corfield 0-0: Ball
1-0: Foul Ball, location: 2F
1-1: Called Strike
1-2: Ball
2-2: Strikes out swinging
Top of the 4th over - 1 run, 1 hit, 0 errors, 0 left on base; Colorado (EL) 2 - Springfield 1
BOTTOM OF THE 4TH
Springfield Cardinals batting - Pitching for Colorado (EL) Rockies : RHP Dave Shanks
Batting: RHB Tommy Boudreaux 0-0: Foul Ball, location: 2F
0-1: Ball
1-1: Foul Ball, location: 2F
1-2: Ball
2-2: Ball
3-2: Base on Balls
Batting: RHB Sam Sours 0-0: Ball
1-0: DOUBLE (Flyball, 8LXD, EV 100.6 MPH)
Tommy Boudreaux to third
Batting: RHB Immel Kamuzu 0-0: Ball
1-0: Called Strike
1-1: SINGLE (Groundball, 34D, EV 98.1 MPH)
Tommy Boudreaux scores
Sam Sours to third
Batting: RHB Tommy Tracy 0-0: Foul Ball, location: 2F
0-1: Ball
1-1: Fly out, F3 (Flyball, 3D, EV 86.9 MPH)
Batting: LHB John Bailey 0-0: Ball
1-0: Foul Ball, location: 2F
1-1: Ground out 4-3 (Groundball, 34D, EV 101.9 MPH)
Sam Sours scores
Immel Kamuzu to second
Batting: RHB Edgar Landim 0-0: Single, Error in OF, E7, batter to second base (Groundball, 56D, EV 101.9 MPH)
Immel Kamuzu scores
Batting: RHB Jeff Long 0-0: Ball
1-0: Swinging Strike
1-1: Foul Ball, location: 2F
1-2: Ball
2-2: Ball
3-2: SINGLE (Flyball, 78S, EV 91.2 MPH)
Edgar Landim to third
Runner from 3rd tries for Home, SAFE, throw by LF to home
Pitching: RHP Michael Conrad
Batting: RHB Dan Boykins 0-0: Called Strike
0-1: Called Strike
0-2: Ball
Jeff Long is caught stealing 2nd base 2-4
Bottom of the 4th over - 4 runs, 4 hits, 1 error, 0 left on base; Colorado (EL) 2 - Springfield 5
TOP OF THE 5TH
Colorado (EL) Rockies batting - Pitching for Springfield Cardinals : LHP Kazuo Nishihara
Batting: SHB Craig Ruzic 0-0: Ball
1-0: Fly out, F9 (Flyball, 89M, EV 84.4 MPH)
Batting: RHB Seisaburo Edagawa 0-0: Called Strike
0-1: Ground out 4-3 (Groundball, 34D, EV 103.1 MPH)
Batting: LHB Jerry Santana 0-0: Ground out U3 (Groundball, 3S, EV 85.6 MPH)
Top of the 5th over - 0 runs, 0 hits, 0 errors, 0 left on base; Colorado (EL) 2 - Springfield 5
BOTTOM OF THE 5TH
Springfield Cardinals batting - Pitching for Colorado (EL) Rockies : RHP Michael Conrad
Batting: RHB Dan Boykins 0-0: Swinging Strike
0-1: Ball
1-1: Called Strike
1-2: Foul Ball, location: 2F
1-2: Ground out 3-1 (Groundball, 34, EV 98.8 MPH)
Batting: LHB Angelo Vasquez 0-0: Ball
1-0: Ball
2-0: Called Strike
2-1: Ball
3-1: Ground out 6-3 (Groundball, 6S, EV 67.5 MPH)
Batting: RHB Tommy Boudreaux 0-0: Ball
1-0: Swinging Strike
1-1: Foul Ball, location: 2F
1-2: Ground out 5-3 (Groundball, 56, EV 94.4 MPH)
Bottom of the 5th over - 0 runs, 0 hits, 0 errors, 0 left on base; Colorado (EL) 2 - Springfield 5
TOP OF THE 6TH
Colorado (EL) Rockies batting - Pitching for Springfield Cardinals : LHP Kazuo Nishihara
Batting: SHB Jamie Mims 0-0: SINGLE (Groundball, 6M, EV 109.4 MPH) (infield hit)
Batting: SHB Bobby Santor 0-0: Called Strike
0-1: Ball
1-1: Called Strike
1-2: Strikes out looking
Batting: RHB Ryan Rinaldi 0-0: Called Strike
0-1: Ball
1-1: Ball
2-1: Swinging Strike
2-2: Fielders Choice at 2nd, 3-6 (Groundball, 3, EV 105.0 MPH)
Batting: RHB Maurice Moore 0-0: Called Strike
0-1: Ball
1-1: Called Strike
Ryan Rinaldi steals 2nd base (no throw)
1-2: Ball
2-2: Ground out 6-3 (Groundball, 6, EV 99.4 MPH)
Top of the 6th over - 0 runs, 1 hit, 0 errors, 1 left on base; Colorado (EL) 2 - Springfield 5
BOTTOM OF THE 6TH
Springfield Cardinals batting - Pitching for Colorado (EL) Rockies : RHP Michael Conrad
Batting: RHB Sam Sours 0-0: Foul Ball, location: 2F
0-1: SINGLE (Groundball, 6M, EV 92.5 MPH) (infield hit)
Batting: RHB Immel Kamuzu 0-0: Ball
1-0: 2-RUN HOME RUN (Flyball, 8LXD, EV 100.0 MPH), Distance : 405 ft
Batting: RHB Tommy Tracy 0-0: Fly out, F8 (Flyball, 8LD, EV 88.1 MPH)
Batting: LHB John Bailey 0-0: Foul Ball, location: 2F
0-1: SINGLE (Groundball, 4MS, EV 70.6 MPH) (infield hit)
Batting: RHB Edgar Landim 0-0: Foul Ball, location: 2F
0-1: Grounds into double play, 4-6-3 (Groundball, 4, EV 94.4 MPH)
Bottom of the 6th over - 2 runs, 3 hits, 0 errors, 0 left on base; Colorado (EL) 2 - Springfield 7
TOP OF THE 7TH
Colorado (EL) Rockies batting - Pitching for Springfield Cardinals : LHP Kazuo Nishihara
Batting: RHB Chris Tatum 0-0: Ball
1-0: Foul Ball, location: 2F
1-1: DOUBLE (Line Drive, 78XD, EV 106.2 MPH)
Batting: RHB John Corfield 0-0: Foul Ball, location: 2F
0-1: Ground out 4-3 (Groundball, 4, EV 81.9 MPH)
Chris Tatum to third
Batting: SHB Craig Ruzic 0-0: Ball
1-0: Ball
2-0: Ball
3-0: Base on Balls
Batting: RHB Seisaburo Edagawa 0-0: Called Strike
Craig Ruzic steals 2nd base
0-1: Ball
1-1: DOUBLE (Groundball, 5L, EV 106.9 MPH)
Chris Tatum scores
Craig Ruzic scores
Batting: LHB Jerry Santana 0-0: Ball
1-0: SINGLE (Line Drive, 56D, EV 96.2 MPH)
Seisaburo Edagawa to third
Batting: SHB Jamie Mims 0-0: Ball
1-0: Foul Ball, location: 2F
1-1: Ball
2-1: Foul Ball, location: 2F
2-2: Foul Ball, location: 2F
2-2: Ground out 4-3 (Groundball, 6, EV 90.6 MPH)
Jerry Santana to second
Batting: SHB Bobby Santor 0-0: Called Strike
0-1: Ball
1-1: Swinging Strike
1-2: Foul Ball, location: 2F
1-2: SINGLE (Groundball, 56D, EV 95.6 MPH)
Seisaburo Edagawa scores
Jerry Santana to third
Runner from 3rd tries for Home, SAFE, throw by LF to home
Pitching: RHP Branden Maynard
Batting: RHB Ryan Rinaldi 0-0: Ball
1-0: Called Strike
1-1: Foul Ball, location: 2F
1-2: Foul Ball, location: 2F
1-2: Ball
2-2: Ball
3-2: SINGLE (Groundball, 56S, EV 66.2 MPH) (infield hit)
Bobby Santor to second
Batting: RHB Maurice Moore 0-0: 3-RUN HOME RUN (Flyball, 7LD, EV 95.0 MPH), Distance : 369 ft
Batting: RHB Chris Tatum 0-0: Foul Ball, location: 2F
0-1: Ball
1-1: Foul Ball, location: 2F
1-2: DOUBLE (Line Drive, 9LM, EV 104.4 MPH)
Batting: RHB John Corfield 0-0: Intentional Walk
Batting: SHB Craig Ruzic 0-0: Ball
1-0: Called Strike
1-1: Ball
2-1: Foul Ball, location: 2F
2-2: Ball
3-2: Foul Ball, location: 2F
3-2: Base on Balls
Chris Tatum to third
John Corfield to second
Batting: RHB Seisaburo Edagawa 0-0: Called Strike
0-1: Ball
1-1: Swinging Strike
1-2: Strikes out swinging
Top of the 7th over - 7 runs, 7 hits, 0 errors, 3 left on base; Colorado (EL) 9 - Springfield 7
BOTTOM OF THE 7TH
Springfield Cardinals batting - Pitching for Colorado (EL) Rockies : RHP Michael Conrad
Pitching: RHP Lorenzo Pacheco
Batting: RHB Jeff Long 0-0: Ball
1-0: Called Strike
1-1: Foul Ball, location: 2F
1-2: SOLO HOME RUN (Flyball, 7D, EV 99.4 MPH), Distance : 373 ft
Batting: RHB Dan Boykins 0-0: Ball
1-0: Ball
2-0: Ball
3-0: Called Strike
3-1: Base on Balls
Batting: LHB Angelo Vasquez 0-0: Ball
1-0: Ball
2-0: Foul Ball, location: 2F
2-1: Ball
3-1: Swinging Strike
3-2: Base on Balls
Dan Boykins to second
Pinch Hitting: LHB Travis Ruppel 0-0: Ball
1-0: Foul Ball, location: 2F
1-1: Ball
2-1: SINGLE (Groundball, 5D, EV 105.0 MPH)
Dan Boykins to third
Angelo Vasquez to second
Batting: RHB Sam Sours 0-0: Called Strike
0-1: Called Strike
0-2: Strikes out swinging
Batting: RHB Immel Kamuzu 0-0: Called Strike
0-1: Ball
1-1: Ball
2-1: Ball
3-1: Called Strike
3-2: SINGLE (Groundball, 56D, EV 96.9 MPH)
Dan Boykins scores
Angelo Vasquez to third
Travis Ruppel to second
Batting: RHB Tommy Tracy 0-0: SINGLE (Groundball, 56D, EV 101.9 MPH)
Angelo Vasquez scores
Travis Ruppel to third
Immel Kamuzu to second
Batting: LHB John Bailey 0-0: Ball
1-0: Ball
2-0: Called Strike
2-1: Foul Ball, location: 2F
2-2: Foul Ball, location: 2F
2-2: Foul Ball, location: 2F
2-2: Foul Ball, location: 2F
2-2: Ball
3-2: Base on Balls
Travis Ruppel scores
Immel Kamuzu to third
Tommy Tracy to second
Pitching: LHP Domenic Wells
Batting: RHB Edgar Landim 0-0: Called Strike
0-1: Ball
1-1: Foul Ball, location: 2F
1-2: Ball
2-2: Ball
3-2: Strikes out swinging
Batting: RHB Jeff Long 0-0: Ball
1-0: Ball
2-0: Ball
3-0: Called Strike
3-1: Foul Ball, location: 2F
3-2: SINGLE (Flyball, 4D, EV 88.1 MPH)
Immel Kamuzu scores
Tommy Tracy to third
John Bailey to second
Tommy Tracy scores
John Bailey to third
Batting: RHB Dan Boykins 0-0: Swinging Strike
0-1: Ball
1-1: Swinging Strike
1-2: SINGLE (Groundball, 5D, EV 110.0 MPH)
John Bailey scores
Jeff Long to second
Batting: LHB Angelo Vasquez 0-0: Called Strike
0-1: Ball
1-1: Ball
2-1: Ball
3-1: DOUBLE (Flyball, 89D, EV 108.1 MPH)
Jeff Long scores
Dan Boykins to third
Batting: LHB Travis Ruppel 0-0: Ball
1-0: 3-RUN HOME RUN (Flyball, 9D, EV 99.4 MPH), Distance : 375 ft
Pitching: LHP Kyle Mearkle
Batting: RHB Sam Sours 0-0: Called Strike
0-1: Swinging Strike
0-2: Ball
1-2: Ball
2-2: Strikes out swinging
Bottom of the 7th over - 11 runs, 8 hits, 0 errors, 0 left on base; Colorado (EL) 9 - Springfield 18
TOP OF THE 8TH
Colorado (EL) Rockies batting - Pitching for Springfield Cardinals : RHP Branden Maynard
Now in CF: Fortunato Fteira
Batting: LHB Jerry Santana 0-0: Ball
1-0: Called Strike
1-1: Ball
2-1: DOUBLE (Line Drive, 89M, EV 99.4 MPH)
Batting: SHB Jamie Mims 0-0: Called Strike
0-1: Foul Ball, location: 2F
0-2: Fly out, F9 (Line Drive, 89M, EV 105.6 MPH)
Batting: SHB Bobby Santor 0-0: Swinging Strike
0-1: Called Strike
0-2: Ball
1-2: Ball
2-2: Ball
3-2: Foul Ball, location: 2F
3-2: Strikes out looking
Batting: RHB Ryan Rinaldi 0-0: Foul Ball, location: 2F
0-1: Called Strike
0-2: Foul Ball, location: 2F
0-2: Ball
Wild Pitch!
Jerry Santana to third
1-2: Ball
2-2: Foul Ball, location: 2F
2-2: Ball
3-2: Strikes out swinging
Top of the 8th over - 0 runs, 1 hit, 0 errors, 1 left on base; Colorado (EL) 9 - Springfield 18
BOTTOM OF THE 8TH
Springfield Cardinals batting - Pitching for Colorado (EL) Rockies : LHP Kyle Mearkle
Batting: RHB Immel Kamuzu 0-0: Ground out 4-3 (Groundball, 4, EV 80.6 MPH)
Batting: RHB Tommy Tracy 0-0: Ball
1-0: Ball
2-0: Called Strike
2-1: Ball
3-1: Foul Ball, location: 2F
3-2: Base on Balls
Batting: LHB John Bailey 0-0: Ball
1-0: Swinging Strike
1-1: Swinging Strike
1-2: Strikes out looking
Batting: RHB Edgar Landim 0-0: Ball
1-0: Ball
2-0: Swinging Strike
2-1: Ball
3-1: SINGLE (Flyball, 56D, EV 94.4 MPH)
Tommy Tracy to second
Pitching: RHP Dane Long
Batting: RHB Jeff Long 0-0: Ball
1-0: Ground out U3 (Groundball, 34, EV 84.4 MPH)
Bottom of the 8th over - 0 runs, 1 hit, 0 errors, 2 left on base; Colorado (EL) 9 - Springfield 18
TOP OF THE 9TH
Colorado (EL) Rockies batting - Pitching for Springfield Cardinals : RHP Branden Maynard
Pitching: RHP Chris Ray
Batting: RHB Maurice Moore 0-0: Ball
1-0: Swinging Strike
1-1: Ball
2-1: Ball
3-1: Ground out 1-3 (Groundball, 34S, EV 66.2 MPH)
Batting: RHB Chris Tatum 0-0: TRIPLE (Flyball, 78XD, EV 105.6 MPH)
Batting: RHB John Corfield 0-0: Ball
1-0: Called Strike
1-1: 2-RUN HOME RUN (Flyball, 89XD, EV 99.4 MPH), Distance : 407 ft
Batting: SHB Craig Ruzic 0-0: Foul Ball, location: 2F
0-1: Ground out U3 (Groundball, 3, EV 97.5 MPH)
Batting: RHB Seisaburo Edagawa 0-0: Ball
1-0: Ball
2-0: Ball
3-0: Called Strike
3-1: SINGLE (Groundball, 56D, EV 102.5 MPH)
Batting: LHB Jerry Santana 0-0: Ball
1-0: Called Strike
1-1: Swinging Strike
1-2: Ball
2-2: Ball
3-2: Fly out, F4 (Line Drive, 4M, EV 71.9 MPH)
Top of the 9th over - 2 runs, 3 hits, 0 errors, 1 left on base; Colorado (EL) 11 - Springfield 18
Sunday, July 16th , 2023 - OOTP Baseball 24.6 Build 69